 Dungeon Crawl Stone Soup version 0.30-a0-718-geaa24f58ff (webtiles) character file.

Game seed: 14968260872291559211

35 croobank the Vexing (level 3, -2/28 HPs)
             Began as a Gnoll Hexslinger on Jan 25, 2023.
             Constricted to death by Sigmund (8 damage)
             ... on level 2 of the Dungeon.
             The game lasted 00:06:46 (1390 turns).

croobank the Vexing (Gnoll Hexslinger)              Turns: 1390, Time: 00:06:47

Health: -2/28      AC:  3    Str:  9    XL:     3   Next: 33%
Magic:  6/7        EV: 10    Int: 14    God:
Gold:   103        SH:  0    Dex: 12    Spells: 6/7 levels left

rFire   . . .      SeeInvis .    a - +1 falchion (holy)
rCold   . . .      Faith    .    (no shield)
rNeg    . . .      Spirit   .    c - +0 robe
rPois   .          Reflect  .    j - +0 helmet
rElec   .          Harm     .    o - scarf {+Inv}
rCorr   .          Rampage  .    (no gloves)
Will    .....                    (no boots)
Stlth   +                        (no amulet)
HPRegen 0.24/turn                (no ring)
MPRegen 0.10/turn                (no ring)

@: grasped by roots, flying, constricted
A: fangs 1, strong nose, distributed training
a: Evoke Invisibility


You were on level 2 of the Dungeon.
You visited 1 branch of the dungeon, and saw 2 of its levels.

You collected 103 gold pieces.

Inventory:

Hand Weapons
 a - a +1 falchion of holy wrath (weapon)
 b - a +1 sling
 n - a +2 dagger of venom
Missiles
 d - 10 poisoned darts
Armour
 c - a +0 robe (worn)
 j - a +0 helmet (worn)
 o - a scarf of invisibility (worn)
Scrolls
 f - a scroll of enchant weapon {unknown}
 g - 2 scrolls of acquirement {unknown}
 i - a scroll of identify {unknown}
 k - a scroll of poison
 m - 2 scrolls of fog {unknown}
 q - a scroll of silence {unknown}
Potions
 e - a potion of curing
 l - a potion of cancellation {unknown}
 p - a potion of berserk rage {unknown}
 r - a potion of mutation {unknown}
 s - a potion of magic {unknown}


   Skills:
 + Level 2.6 Fighting
 + Level 0.8 Short Blades
 + Level 0.8 Long Blades
 + Level 0.8 Axes
 + Level 0.8 Maces & Flails
 + Level 0.8 Polearms
 + Level 0.8 Staves
 + Level 4.5 Ranged Weapons
 + Level 0.8 Throwing
 + Level 0.8 Armour
 + Level 4.5 Dodging
 + Level 0.8 Stealth
 + Level 0.8 Shields
 + Level 0.8 Unarmed Combat
 + Level 2.8 Spellcasting
 + Level 0.5 Conjurations
 + Level 5.4 Hexes
 + Level 0.5 Summonings
 + Level 0.5 Necromancy
 + Level 0.5 Translocations
 + Level 0.5 Transmutations
 + Level 0.5 Fire Magic
 + Level 0.5 Ice Magic
 + Level 0.5 Air Magic
 + Level 0.5 Earth Magic
 + Level 0.5 Poison Magic
 + Level 1.0 Invocations
 + Level 0.8 Evocations


You had 6 spell levels left.
You knew the following spells:

 Your Spells              Type           Power      Damage    Failure   Level
a - Slow                  Hex            68%        N/A       2%          1

Your spell library contained the following spells:

 Spells                   Type           Power      Damage    Failure   Level
 Inner Flame              Hex/Fire       10%        N/A       19%         3
 Portal Projectile        Hex/Tloc       20%        N/A       19%         3
 Cause Fear               Hex            8%         N/A       24%         4


Dungeon Overview and Level Annotations

Branches:
Dungeon (2/15)

Altars:

Shops:
D:1 !

Annotations:
D:2 Sigmund


Innate Abilities, Weirdness & Mutations

You have very sharp teeth.
Your uncanny sense of smell can sniff out nearby items.
Your experience applies equally to all skills.


Message History

The grasping roots constrict you.
Sigmund seems to slow down.
The grasping roots constrict you!
Sigmund resists with significant effort.
The grasping roots release their grip on you.
Sigmund zaps a wand.
The roots erupt in riotous growth!
The grasping roots grab you!
Sigmund is unaffected.
The grasping roots constrict you.
You are too injured to fight recklessly!
You are too injured to fight recklessly!
You are too injured to fight recklessly!
You are too injured to fight recklessly!
Okay, then.
It was a potion of curing.
You feel better.
You barely miss Sigmund. Sigmund hits you but does no damage.
The grasping roots constrict you!
The grasping roots release their grip on you.
You closely miss Sigmund. Your bite misses Sigmund. You closely miss Sigmund.
Sigmund barely misses you.
You barely miss Sigmund. You hit Sigmund but do no damage.
Sigmund zaps a wand.
The roots erupt in riotous growth!
The grasping roots grab you!
Sigmund is unaffected.
The grasping roots constrict you.
* * * LOW HITPOINT WARNING * * *
What are your orders? t - Bark!
Orders for allies: a - Attack new target. p - Attack previous target. r - Retreat! s - Stop attacking. g - Guard the area. f - Follow me.
Anything else - Cancel.
Gang up on whom?
Press: ? - help, Dir - move target, f/p - Sigmund
Aim: Sigmund, wielding a +0 scythe, wearing a +0 robe and carrying a wand of roots (1) (slow)
Okay, then.
It was a potion of flight.
You feel very buoyant.
You fly up into the air.
Sigmund points at you and mumbles some strange words.
You resist with significant effort. The grasping roots constrict you!
You die...

####### ## #.....# #.
#.....# #. #.....#####
#. #....(@@..+ ##.
#####.##### .. .#<. #.#
..#.. #.#.. ######.#
.... ..#.. #......#
...##..#..
#......########......#..
#............##.#....#..
############.##.#.#..###
........##.........


You could see Sigmund (slow).

Vanquished Creatures
  A dart slug (D:1)
  10 ball pythons
  2 endoplasms
  2 giant cockroaches (D:1)
  A goblin (D:2)
  3 hobgoblins (D:1)
  4 jackals (D:2)
  A kobold (D:2)
  2 frilled lizards
  3 rats
29 creatures vanquished.

Notes
Turn   | Place    | Note
-------+----------+-------------------------------------------
     0 | D:1      | croobank the Gnoll Hexslinger began the quest for the Orb.
     0 | D:1      | Reached XP level 1. HP: 17/17 MP: 4/4
   134 | D:1      | Reached XP level 2. HP: 10/23 MP: 3/5
   207 | D:1      | Found Mabaiteps's Distillery.
   297 | D:1      | Found a faded altar of an unknown god.
  1050 | D:2      | Reached XP level 3. HP: 28/28 MP: 7/7
  1118 | D:2      | Reached skill level 1 in Invocations
  1380 | D:2      | Noticed Sigmund
  1390 | D:2      | Constricted to death by Sigmund

Illustrated notes

Levels and vault maps discovered:
D:1:      minmay_arrival_cross, layout_basic, serial_curves, eino_curves_04,
          eino_curves_01, ebering_ecumenical_altar_rust, serial_shops,
          nicolae_shop_statue_plus
D:2:      layout_basic, roderic_st_hans_cross, uniq_sigmund

Skill      XL: |  1  2  3 |
---------------+----------+-----
Invocations    | 1 |  1.0
Fighting       | |  2.6
Short Blades   | |  0.8
Long Blades    | |  0.8
Axes           | |  0.8
Maces & Flails | |  0.8
Polearms       | |  0.8
Staves         | |  0.8
Ranged Weapons | |  4.5
Throwing       | |  0.8
Armour         | |  0.8
Dodging        | |  4.5
Stealth        | |  0.8
Shields        | |  0.8
Unarmed Combat | |  0.8
Spellcasting   | |  2.8
Conjurations   | |  0.5
Hexes          | |  5.4
Summonings     | |  0.5
Necromancy     | |  0.5
Translocations | |  0.5
Transmutations | |  0.5
Fire Magic     | |  0.5
Ice Magic      | |  0.5
Air Magic      | |  0.5
Earth Magic    | |  0.5
Poison Magic   | |  0.5
Evocations     | |  0.8

Action                     || total
---------------------------++-------
  Melee: Falchion          ||    19
         Bite              ||     3
   Fire: Sling             ||    62
   Cast: Slow              ||    24
    Use: Potion            ||     2
 Armour: Robe              ||     8
  Dodge: Dodged            ||    44

Table legend: (Time is in decaauts)
 A = Elapsed time spent in this place.
 B = Non-inter-level travel time spent in this place.
 C = Inter-level travel time spent in this place.
 D = Time resting spent in this place.
 E = Time spent auto-exploring this place.
 F = Levels seen in this place.
 G = Mean time per level.
                   A        B        C        D        E       F      G
               +--------+--------+--------+--------+--------+-----+--------+
         Total |   1404 |   1378 |     26 |    172 |    951 |   2 |  702.0 |
       Dungeon |   1404 |   1378 |     26 |    172 |    951 |   2 |  702.0 |
               +--------+--------+--------+--------+--------+-----+--------+

Top non-repeatable levels by time:
     D:1: 924 daAuts
     D:2: 479 daAuts
